Map: Eastwatch LE

Players

Terrasim - Winner!

  • Race: Zerg Zerg
  • League: Platinum
  • Spawn Location: 1:00

axu

  • Race: Protoss Protoss
  • League: Platinum
  • Spawn Location: 7:00

VOD

Have the link to the VOD?

Description

Time

  • Played on: April 11, 2018, 6:59 a.m.
  • Length: 13:19
Show
View Real Time Build Order
Export as new Build Order

Terrasim Zerg - Winner!

Build Orders: Hatch First, Lurkers 

Get SALT Encoding   

  12  0:01  Drone  
  13  0:08  Drone  
  14  0:17  Overlord  
  14  0:35  Drone  
  14  0:36  Drone x2  
  17  0:54  Hatchery  
  16  0:58  Drone  
  16  1:01  Extractor  
  16  1:02  Drone  
  17  1:16  Spawning Pool  
  16  1:19  Drone  
  17  1:27  Drone  
  17  1:29  Drone  
  19  1:40  Overlord  
  19  2:04  Metabolic Boost  
  19  2:06  Queen, Zergling x4  
  23  2:10  Queen  
  25  2:17  Drone  
  25  2:22  Drone  
  27  2:37  Drone  
  28  2:45  Baneling Nest  
  28  2:46  Overlord  
  27  2:52  Drone x2  
  27  2:57  Zergling x2  
  31  2:58  Zergling x2  
  31  3:02  Spine Crawler  
  31  3:03  Drone  
  31  3:10  Drone  
  32  3:13  Overlord  
  32  3:15  Drone  
  33  3:21  Overlord  
  33  3:24  Drone  
  33  3:25  Drone x2  
  36  3:29  Drone  
  37  3:43  Drone  
  37  3:47  Hatchery  
  37  3:50  Drone  
  37  3:55  Spore Crawler  
  37  3:56  Lair  
  37  3:59  Drone  
  37  4:00  Drone  
  39  4:07  Drone x2  
  39  4:09  Spore Crawler  
  41  4:10  Drone  
  41  4:17  Overlord  
  41  4:25  Zergling x2  
  42  4:32  Evolution Chamber  
  42  4:34  Drone x4  
  42  4:36  Evolution Chamber  
  44  4:43  Extractor  
  42  5:06  Hydralisk Den  
  41  5:07  Drone  
  41  5:12  Drone x3  
  45  5:17  Drone x2  
  45  5:18  Queen  
  45  5:19  Overlord  
  49  5:22  Zerg Missile Weapons Level 1  
  49  5:23  Zerg Ground Armor Level 1  
  49  5:27  Drone  
  50  5:29  Drone  
  51  5:42  Drone x3, Extractor  
  53  5:43  Drone  
  53  5:44  Overlord  
  54  5:57  Lurker Den  
  54  5:58  Drone  
  54  6:00  Drone x2  
  54  6:01  Extractor  
  55  6:09  Drone x3  
  58  6:16  Muscular Augments  
  58  6:23  Drone x2  
  60  6:27  Drone  
  60  6:28  Overseer  
  60  6:31  Baneling  
  60  6:32  Baneling x6  
  61  6:34  Zergling x6  
  61  6:38  Hydralisk, Zergling x4  
  65  6:58  Queen, Zergling x10  
  64  7:04  Hydralisk x2  
  64  7:05  Hydralisk x2, Zergling x8  
  73  7:09  Drone  
  70  7:18  Drone  
  70  7:21  Drone  
  69  7:43  Queen  
  69  7:49  Drone  
  69  7:50  Drone  
  70  7:53  Grooved Spines  
  70  7:56  Zerg Missile Weapons Level 2  
  70  7:57  Zerg Ground Armor Level 2  
  69  7:59  Drone x2  
  69  8:00  Drone x4  
  69  8:01  Drone x2, Queen  
  69  8:04  Queen  
  81  8:11  Hydralisk x2  
  81  8:12  Hydralisk, Zergling x6  
  90  8:14  Overlord x2  
  90  8:26  Overlord x2  
  90  8:37  Hydralisk x5, Zergling x6  
  90  8:38  Zergling x2  
  90  8:39  Baneling x3  
  90  8:40  Baneling x6  
  104  8:48  Drone  
  105  8:56  Lurker x2  
  105  9:01  Extractor  
  106  9:03  Extractor  
  106  9:09  Drone x2  
  107  9:11  Drone x2  
  107  9:15  Hatchery  
  108  9:22  Lurker x2  
  111  9:24  Lurker  
  111  9:30  Overlord x2  
  111  9:33  Drone x3  
  111  9:35  Drone  
  108  9:55  Hydralisk x5, Zergling x4  
  108  9:56  Zergling x6  
  122  10:06  Lurker x2  
  124  10:08  Overlord  
  124  10:11  Drone  
  125  10:17  Drone  
  97  10:30  Drone, Queen  
  97  10:32  Lurker x2  
  97  10:33  Lurker  
  97  10:34  Lurker  
  104  10:38  Hydralisk, Zergling x2  
  104  10:39  Zergling x10  
  104  10:40  Zergling x6  
  115  10:56  Zergling x8  
  119  10:57  Hydralisk x2  
  123  11:17  Drone  
  123  11:18  Drone  
  125  11:20  Baneling x2  
  125  11:21  Baneling x8  
  125  11:22  Baneling x3  
  125  11:26  Drone x2, Spire  
  126  11:36  Drone x2  
  122  12:02  Hatchery  
  122  12:07  Hydralisk x2  
  122  12:08  Hydralisk x5, Zergling x10  
  124  12:09  Hydralisk x2, Zergling x8  
  124  12:11  Lurker  
  124  12:12  Overlord x2  
  124  12:14  Overlord  
  135  12:45  Hydralisk x2  
  135  12:46  Hydralisk x6, Zergling x12  
  135  12:47  Zergling x4  
  159  12:54  Lurker  
  159  12:56  Lurker  
  161  13:00  Overlord x2  
Show
View Real Time Build Order
Export as new Build Order

axu Protoss 

Build Orders: 1 Gate Expand, Oracle Opening 

Get SALT Encoding   

  12  0:01  Probe  
  13  0:14  Probe  
  13  0:21  Pylon  
  14  0:26  Probe  
  15  0:39  Probe (Chrono Boost)  
  15  0:40  Gateway  
  16  0:50  Assimilator  
  16  0:51  Probe (Chrono Boost)  
  17  0:58  Probe (Chrono Boost)  
  18  1:05  Probe  
  19  1:17  Probe  
  20  1:37  Nexus  
  20  1:42  Cybernetics Core  
  20  1:53  Probe  
  21  1:56  Assimilator  
  21  1:58  Pylon  
  21  2:05  Probe  
  22  2:21  Warp Gate  
  22  2:23  Adept  
  24  2:30  Probe  
  25  2:42  Stargate, Probe  
  26  2:52  Adept  
  26  2:56  Probe x2  
  30  3:07  Gateway  
  30  3:12  Shield Battery  
  30  3:15  Probe  
  31  3:29  Probe x2  
  31  3:32  Adept  
  33  3:36  Oracle  
  33  3:41  Twilight Council, Probe (Chrono Boost)  
  37  3:42  Probe (Chrono Boost)  
  38  3:53  Probe (Chrono Boost)  
  38  3:54  Probe (Chrono Boost)  
  40  3:56  Adept  
  40  4:01  Adept, Probe (Chrono Boost)  
  40  4:02  Probe (Chrono Boost)  
  46  4:24  Resonating Glaives (Chrono Boost)  
  46  4:32  Gateway  
  46  4:34  Gateway  
  46  4:37  Gateway  
  46  4:39  Pylon  
  46  4:40  Gateway  
  46  4:45  Pylon  
  46  5:15  Gateway  
  46  5:26  Probe x2  
  48  5:29  Assimilator  
  48  5:32  Assimilator  
  48  5:34  Pylon  
  48  5:38  Probe x2, Pylon  
  48  5:39  Pylon  
  48  5:42  Robotics Facility  
  50  5:44  Adept x5  
  60  5:50  Probe x2  
  62  6:10  Pylon  
  62  6:14  Pylon  
  62  6:16  Pylon  
  62  6:21  Adept x2  
  62  6:22  Adept x5  
  76  6:33  Immortal  
  60  7:02  Adept x3  
  60  7:03  Adept x4  
  64  7:26  Adept x5  
  64  7:27  Adept x2  
  66  7:57  Immortal (Chrono Boost)  
  66  8:03  Probe x2  
  68  8:11  Templar Archives  
  68  8:27  Zealot  
  68  8:28  Zealot x3  
  68  8:30  Zealot x2  
  68  8:31  Immortal (Chrono Boost)  
  83  8:42  Forge x2  
  83  8:45  Psionic Storm  
  83  8:50  Charge (Chrono Boost)  
  83  8:57  High Templar x3  
  83  8:58  High Templar x2  
  93  9:04  Probe x2  
  93  9:06  Immortal  
  93  9:09  Nexus  
  99  9:18  Sentry  
  101  9:26  Probe  
  101  9:27  Probe  
  101  9:30  Protoss Ground Armor Level 1 (Chrono Boost), Protoss Ground Weapons Level 1 (Chrono Boost)  
  103  9:32  Pylon  
  103  9:34  Pylon  
  103  9:40  Probe (Chrono Boost)  
  103  9:43  Probe (Chrono Boost)  
  105  9:51  Probe (Chrono Boost)  
  101  9:53  Observer (Chrono Boost)  
  101  9:54  Probe (Chrono Boost)  
  102  10:05  Zealot x3  
  108  10:07  Stalker x2  
  108  10:08  Stalker  
  96  10:33  Zealot x3  
  96  10:35  Immortal (Chrono Boost)  
  106  10:50  Pylon  
  106  10:53  Pylon  
  106  10:55  Assimilator  
  106  10:59  Assimilator  
  106  11:08  Immortal (Chrono Boost)  
  110  11:12  Adept x4  
  110  11:14  Sentry x2  
  122  11:27  Gateway  
  122  11:29  Gateway  
  122  11:30  Gateway x2  
  122  11:40  Probe  
  122  11:41  Probe  
  122  11:42  Probe  
  122  11:44  Observer  
  126  11:53  Probe, Photon Cannon  
  127  11:54  Photon Cannon  
  107  12:15  Zealot x4  
  111  12:16  Zealot x2  
  111  12:19  Immortal  
  91  12:35  Observer  
  91  12:36  Zealot  
  91  12:37  Zealot x5  
  59  13:00  High Templar  
  59  13:01  High Templar x4  
  59  13:02  High Templar x3  
  59  13:04  Archon  
  59  13:05  Archon  
Tags
 
Add a new tag
Caveats
  • Supply blocks, unpowered buildings, or Contaminate may cause inaccurate times.
  • Supply counts are checked every 10 seconds.